cohdb
Replays
Latest Replays
All Replays
Popular Replays
Top Player Replays
Match Explorer
How It Works
Community
CoH3 Stats
Reddit
Sign in to upload your games and track your stats! →
Sign in with Steam
Match 42887183
Unlisted
Match 42887183
Overview
Messages
Build Orders
End
Selects Italian Infantry
Kradschützen Motorcycle Team
250 Light Carrier
Panzergrenadier Squad
Construct Light Support Kompanie
Combat Half-tracks
MG34 Team
Construct Mechanized Kompanie
Panzerjäger Mechanized Group
Selects Guastatori Squad
Guastatori Squad
AI Takeover
LITTLE TRICKSTER
Da Cracka Whacka
Mr. Refreshing
BUBBA_ACTUAL
JollyRedRockett
Maggot
0
0
Comments
sign in to comment!
No comments posted yet!